 Dungeon Crawl Stone Soup version 0.19.3 (webtiles) character file.

414 Macro the Cutter (level 7, -2/47 HPs)
             Began as a Halfling Fighter on Jan 22, 2017.
             Was an Initiate of Trog.
             Slain by splitbrain's ghost (6 damage)
             ... on level 4 of the Dungeon.
             The game lasted 00:12:57 (3177 turns).

Macro the Cutter (Halfling Fighter)                 Turns: 3177, Time: 00:12:58

Health: -2/47      AC: 10    Str: 19    XL:     7   Next: 14%
Magic:  7/7        EV:  8    Int:  6    God:    Trog [......]
Gold:   121        SH: 10    Dex: 14    Spells: 0 memorised, 6 levels left

rFire  . . .     SeeInvis .     a - +0 rapier
rCold  . . .     Gourm    .     s - +0 chain mail (curse)
rNeg   . . .     Faith    .     c - +0 shield
rPois  .         Spirit   .     l - +0 helmet
rElec  .         Reflect  .     (no cloak)
rCorr  .         Harm     .     (no gloves)
MR     .....                    (no boots)
Stlth  ..........               (no amulet)
                                (no ring)
                                (no ring)

@: no status effects
A: mutation resistance 1
a: Burn Spellbooks, Renounce Religion


You were on level 4 of the Dungeon.
You worshipped Trog.
Trog was noncommittal.
You were not hungry.

You visited 1 branch of the dungeon, and saw 4 of its levels.

You collected 121 gold pieces.

Inventory:

Hand Weapons
 a - a +0 rapier (weapon)
Armour
 b - a +0 scale mail
 c - a +0 shield (worn)
 l - a +0 helmet (worn)
 s - a cursed +0 chain mail (worn)
Jewellery
 n - an uncursed amulet of harm {unknown}
Wands
 q - a wand of acid (5/15)
Scrolls
 e - a scroll of enchant armour {unknown}
 i - a scroll of teleportation {unknown}
 j - a scroll of noise {unknown}
 k - a scroll of remove curse {unknown}
 m - a scroll of enchant weapon {unknown}
 o - 3 scrolls of recharging {unknown}
 t - a scroll of random uselessness {unknown}
 u - 2 scrolls of blinking {unknown}
 w - 3 scrolls of identify {unknown}
Potions
 d - 2 potions of might
 p - a potion of invisibility {unknown}
 r - a potion of cure mutation {unknown}
 v - a potion of heal wounds
 z - a potion of berserk rage {unknown}
Comestibles
 f - 3 bread rations
 g - a slice of pizza
 h - 5 meat rations
 x - 2 chunks of flesh


   Skills:
 + Level 3.6 Fighting
 + Level 5.2 Short Blades
 + Level 4.5 Armour
 + Level 1.6 Dodging
 + Level 0.5 Stealth
 + Level 5.0 Shields


You had 6 spell levels left.
You didn't know any spells.

Dungeon Overview and Level Annotations

Branches:
Dungeon (4/15)
 Temple: D:4-7

Altars:
Elyvilon
Okawaru
Trog
Xom
Yredelemnul

Annotations:
D:4 splitbrain's ghost, amateur HOFi


Innate Abilities, Weirdness & Mutations

You are small and have problems with some larger weapons.
You are somewhat resistant to further mutation.


Message History

Splitbrain's ghost hits you!
You hit splitbrain's ghost but do no damage.
Splitbrain's ghost is heavily damaged.
Splitbrain's ghost hits you!
You hit splitbrain's ghost.
Splitbrain's ghost is severely damaged.
You block splitbrain's ghost's attack.
Your shield and chain mail prevent you from hitting splitbrain's ghost.
Splitbrain's ghost is severely damaged.
Splitbrain's ghost hits you.
* * * LOW HITPOINT WARNING * * *
You closely miss splitbrain's ghost.
Splitbrain's ghost is severely damaged.
Splitbrain's ghost hits you!
* * * LOW HITPOINT WARNING * * *
You hit splitbrain's ghost.
Splitbrain's ghost is severely damaged.
Splitbrain's ghost whispers, "The ORB doesn't exist."
Splitbrain's ghost hits you.
You die...

#.......##.#
###..#####
#.......##.#
#..#
#.......##.#
#..#
.........<.#
#..#
#.......####
#).#
#.......#
#..#
#.......#
##..#
####.###.
##...#### #.
# #@........
#.
#.W#<#####
.....#
..#.###
.#.#.#
.##.#.# .#
#.#.# .# #.
.#


You could see splitbrain's ghost.

Vanquished Creatures
  Eustachio (D:4)
  The ghost of lvcrft the Firebug, an amateur HuFE (D:3)
  An iguana (D:3)
  2 worker ants (D:4)
  2 adders (D:2)
  An ooze (D:3)
  A worm (D:4)
  A dart slug (D:2)
  2 leopard geckos
  2 orcs
  7 bats
  6 giant cockroaches
  3 goblins (D:2)
  6 hobgoblins
  4 jackals (D:2)
  A kobold (D:1)
  2 quokkas
  A ball python (D:3)
  4 frilled lizards
  6 rats
54 creatures vanquished.

Notes
Turn   | Place    | Note
-------+----------+-------------------------------------------
     0 | D:1      | Macro the Halfling Fighter began the quest for the Orb.
     0 | D:1      | Reached XP level 1. HP: 15/15 MP: 1/1
   138 | D:1      | Reached XP level 2. HP: 18/20 MP: 2/2
   809 | D:2      | Reached XP level 3. HP: 25/25 MP: 3/3
  1138 | D:2      | Found a bloodstained altar of Trog.
  1138 | D:2      | Found an iron altar of Okawaru.
  1142 | D:2      | Became a worshipper of Trog the Wrathful
  1309 | D:2      | Reached XP level 4. HP: 27/30 MP: 4/4
  1568 | D:3      | Found a white marble altar of Elyvilon.
  1601 | D:3      | HP: 1/30 [iguana (10)]
  1897 | D:3      | Reached skill level 1 in Dodging
  2015 | D:3      | Noticed lvcrft's ghost (amateur HuFE)
  2293 | D:3      | Killed lvcrft's ghost
  2293 | D:3      | Reached XP level 5. HP: 28/36 MP: 5/5
  2293 | D:3      | Reached XP level 6. HP: 32/42 MP: 6/6
  2422 | D:3      | Found a basalt altar of Yredelemnul.
  2595 | D:3      | Found a shimmering altar of Xom.
  2764 | D:4      | Noticed Eustachio
  3075 | D:4      | Killed Eustachio
  3075 | D:4      | Reached skill level 5 in Short Blades
  3075 | D:4      | Reached skill level 5 in Shields
  3075 | D:4      | Reached XP level 7. HP: 44/47 MP: 7/7
  3143 | D:4      | Noticed splitbrain's ghost (amateur HOFi)
  3177 | D:4      | Slain by splitbrain's ghost

Skill      XL: |  1  2  3  4  5  6 |
---------------+-------------------+-----
Short Blades   | 3 4 5 |  5.2
Fighting       | 3 |  3.6
Armour         | 4 |  4.5
Dodging        | 1 |  1.6
Shields        | 4 5 |  5.0
Stealth        | |  0.5

Action                   |  1- 3 |  4- 6 |  7- 9 || total
-------------------------+-------+-------+-------++-------
Melee: Rapier            |   118 |   164 |    39 ||   321
  Use: Potion            |     1 |     1 |       ||     2
  Eat: Chunk             |     1 |     4 |     1 ||     6
       Beef jerky        |       |     1 |       ||     1
Armor: Scale mail        |    30 |       |       ||    30
       Chain mail        |    18 |    77 |     9 ||   104
Dodge: Dodged            |    33 |    34 |     5 ||    72
Block: Shield            |    53 |    92 |    11 ||   156
